 Dungeon Crawl Stone Soup version 0.21-a0-150-gc243083 (webtiles) character file.

8999 drasked the Grappler (level 11, -3/111 HPs)
             Began as a Troll Monk on July 27, 2017.
             Slain by a wolf (10 damage)
             ... on level 2 of the Lair of Beasts.
             The game lasted 00:16:42 (8554 turns).

drasked the Grappler (Troll Monk)                   Turns: 8554, Time: 00:16:42

Health: -3/111     AC:  6    Str: 24    XL:     11   Next: 17%
Magic:  10/10      EV: 13    Int:  6    God:
Gold:   746        SH:  0    Dex: 12    Spells: 10/10 levels left

rFire    + . .     SeeInvis .     - Unarmed
rCold    . . .     Gourm    +   (no shield)
rNeg     . . .     Faith    .   a - +0 robe
rPois    .         Spirit   .   (helmet restricted)
rElec    .         Reflect  .   s - +0 cloak
rCorr    .         Harm     .   (gloves unavailable)
MR       .....                  (boots unavailable)
Stlth    ++........             (no amulet)
HPRegen  0.68/turn              A - ring of protection from fire {rF+, !d}
MPRegen  0.12/turn              (no ring)

@: very slightly contaminated, invisible
A: unfitting armour, claws 3, fast metabolism 3, gourmand, regeneration 1,
shaggy fur 1, tough skin 2
a: no special abilities


You were on level 2 of the Lair of Beasts.
You were very full.

You visited 2 branches of the dungeon, and saw 12 of its levels.

You collected 821 gold pieces.
You spent 75 gold pieces at shops.

Inventory:

Armour
 a - a +0 robe (worn)
 s - a +0 cloak (worn)
   (You took it off Crazy Yiuf on level 2 of the Dungeon)
Jewellery
 A - a ring of protection from fire (left claw) {rF+, !d}
   (You found it on level 4 of the Dungeon)
Wands
 t - a wand of polymorph (16/24)
   (You took it off Crazy Yiuf on level 2 of the Dungeon)
 E - a wand of iceblast (3/15)
   (You found it on level 1 of the Lair of Beasts)
 G - a wand of digging (8/24)
   (You found it on level 7 of the Dungeon)
 H - a wand of polymorph (16/24)
   (You found it on level 8 of the Dungeon)
Scrolls
 d - 7 scrolls of remove curse
 e - 14 scrolls of identify
 g - 2 scrolls of noise {unknown}
 h - 3 scrolls of immolation {unknown}
 i - 5 scrolls of blinking {unknown}
 l - 2 scrolls of fog {unknown}
 n - 4 scrolls of enchant weapon {unknown}
 o - 2 scrolls of magic mapping {unknown}
 p - a scroll of fear {unknown}
 q - 2 scrolls of teleportation {unknown}
 r - a scroll of random uselessness {unknown}
 x - a scroll of amnesia {unknown}
 y - 4 scrolls of enchant armour {unknown}
Potions
 c - a potion of ambrosia {unknown}
 f - 6 potions of curing
 k - 2 potions of berserk rage {unknown}
 u - 3 potions of mutation {unknown}
 v - 4 potions of heal wounds {unknown}
 w - 2 potions of brilliance {unknown}
 B - a potion of magic {unknown}
 C - a potion of flight {unknown}
 D - a potion of invisibility
 F - a potion of might {unknown}
Comestibles
 b - 13 bread rations {@e1}
 j - 8 meat rations {@e2}
 m - 2 royal jellies
 z - 4 fruits


   Skills:
 + Level 7.8 Fighting
 + Level 7.9 Dodging
 - Level 1.0 Stealth
 * Level 12.4 Unarmed Combat


You had 10 spell levels left.
You didn't know any spells.

Dungeon Overview and Level Annotations

Branches:
Dungeon (9/15)             Temple (0/1) D:4            Lair (3/6) D:9
  Swamp: Lair:2-4    Shoals: Lair:2-4     Snake: Lair:2-4    Spider: Lair:2-4
    Orc: D:9-12

Altars:
Elyvilon
Fedhas
Okawaru
Qazlal
Ru
Sif Muna
Trog
Vehumet

Shops:
D:6 (   D:8 ?=}

Annotations:
D:6 Prince Ribbit
Lair:1 exclusion: oklob plant


Innate Abilities, Weirdness & Mutations

You are too large for most types of armour.
You have claws for hands.
Your metabolism is lightning-fast.
You like to eat raw meat.
Your natural rate of healing is unusually fast.
You are covered in fur. (AC +1)
You have very tough skin. (AC +2)


Message History

Health restored: 110 You now have 746 gold pieces (gained 11).
Found a stone staircase leading down.
y - 4 scrolls labeled YDUNANI AR SABB (gained 1)
Found a stone staircase leading up.
There is a stone staircase leading down here.
You climb downwards.
Found a stone staircase leading up.
There is a stone staircase leading up here.
A water moccasin comes into view.
The water moccasin hisses angrily.
A yak comes into view.
The yak bellows! 2 yaks come into view.
A yak comes into view.
The yak bellows!
The water moccasin closely misses you. x2
The water moccasin barely misses you.
There is a stone staircase leading up here.
You barely miss the water moccasin. The water moccasin bites you!
You take 9 damage, and have 101/110 hp.
You miss the water moccasin. The water moccasin bites you.
You take 4 damage, and have 97/110 hp.
You mangle the water moccasin!! The water moccasin barely misses you.
You scratch the water moccasin.
You kill the water moccasin!
The yak gores you.
You take 1 damage, and have 96/110 hp.
You claw the yak! The yak barely misses you.
A yak comes into view.
The yak bellows!
You scratch the yak but do no damage. You claw the yak!
A wolf comes into view.
The yak bellows!
The wolf howls!
You mangle the yak!!
You kill the yak!
The yak gores you!
A wolf comes into view.
You take 11 damage, and have 86/110 hp.
The wolf howls!
You scratch the yak.
The yak bellows!
You scratch the yak. The yak gores you!
You take 12 damage, and have 75/110 hp.
You claw the yak! The yak barely misses you.
A wolf comes into view.
The wolf howls!
You scratch the yak but do no damage. Your claw misses the yak.
The yak gores you!
You take 14 damage, and have 62/110 hp.
You mangle the yak!!
You kill the yak!
The wolf bites you! The wolf bites you but does no damage.
You take 9 damage, and have 53/111 hp.
The wolf bites you. The wolf closely misses you. The wolf barely misses you.
You climb upwards.
There is a stone staircase leading down here.
You take 3 damage, and have 50/111 hp.
You claw the wolf! The wolf bites you. The wolf bites you! The yak gores you.
* * * LOW HITPOINT WARNING * * *
The wolf bites you.
* * * LOW HITPOINT WARNING * * *
You take 26 damage, and have 24/111 hp.
MASSIVE DAMAGE!!
The wolf barely misses you. The wolf bites you but does no damage.
The wolf bites you!
* * * LOW HITPOINT WARNING * * *
The wolf bites you.
* * * LOW HITPOINT WARNING * * *
The wolf misses you.
You take 7 damage, and have 17/111 hp.
The wolf bites you but does no damage. The wolf bites you but does no damage.
There is a stone staircase leading up here.
You claw the wolf! The wolf bites you.
* * * LOW HITPOINT WARNING * * *
The wolf bites you.
* * * LOW HITPOINT WARNING * * *
You take 6 damage, and have 14/111 hp.
You scratch the wolf but do no damage. The wolf misses you. The wolf bites you.
* * * LOW HITPOINT WARNING * * *
The wolf bites you.
* * * LOW HITPOINT WARNING * * *
You take 6 damage, and have 8/111 hp.
You fade into invisibility!
The wolf misses you. x2; The wolf barely misses you.
You are very lightly contaminated with residual magic.
You scratch the wolf. The wolf misses you.
The wolf bites you but does no damage. The wolf bites you.
* * * LOW HITPOINT WARNING * * *
You take 2 damage, and have 7/111 hp.
You closely miss the wolf. Your claw misses the wolf. The wolf bites you.
* * * LOW HITPOINT WARNING * * *
The wolf misses you. The wolf bites you but does no damage.
You take 1 damage, and have 6/111 hp.
You barely miss the wolf.
The wolf bites you but does no damage. x2
You claw the wolf!
You kill the wolf!
The wolf bites you!
You die...

#............
#.....#......
#............
#.....#......
##.....#+...## ### ###
#.............
P#.P.##.###..>..........
........h...............
.......@†Y...........
###.#.#.#.#.###P.####
##.#.#### ### #####


You could see a yak and a wolf.

Vanquished Creatures
  Harold (Lair:1)
  A two-headed ogre (D:9)
  A spiny frog (Lair:1)
  2 komodo dragons
  A troll (D:8)
  Grinder (D:5)
  4 blink frogs (Lair:2)
  A hippogriff (D:7)
  A wyvern (D:8)
  7 yaks
  2 water moccasins
  Duvessa (D:4)
  5 sky beasts
  2 orc warriors (D:6)
  A phantom (D:8)
  3 ice beasts
  A centaur (D:7)
  4 ogres
  A wolf (Lair:2)
  A crocodile (Lair:1)
  A big kobold (D:9)
  4 bullfrogs
  Dowan (D:4)
  10 wights
  2 howler monkeys
  7 crimson imps
  2 centaur zombies
  A quasit (D:5)
  4 hounds
  2 orc priests (D:5)
  Crazy Yiuf (D:2)
  4 bullfrog skeletons
  A gnoll shaman (D:6)
  6 jellies
  An iguana (D:6)
  Jessica (D:2)
  A centaur skeleton (D:6)
  4 orc wizards
  8 worker ants
  A killer bee zombie (D:8)
  2 hound skeletons
  A worker ant zombie (D:5)
  13 adders
  13 gnolls
  2 shadow imps
  2 adder skeletons
  3 worms
  A dart slug (D:5)
  6 leopard geckos
  19 orcs
  9 bats
  5 giant cockroaches
  9 goblins
  11 hobgoblins
  11 jackals
  A quokka (D:4)
  A frilled lizard (D:5)
  2 jackal skeletons
  12 kobolds
  2 quokka skeletons
  A quokka zombie (D:8)
  5 rats
234 creatures vanquished.

Notes
Turn   | Place    | Note
-------+----------+-------------------------------------------
     0 | D:1      | drasked the Troll Monk began the quest for the Orb.
     0 | D:1      | Reached XP level 1. HP: 22/22 MP: 0/0
   397 | D:1      | Reached XP level 2. HP: 29/29 MP: 1/1
   840 | D:2      | Found a radiant altar of Vehumet.
   853 | D:2      | Reached XP level 3. HP: 36/36 MP: 2/2
   890 | D:2      | Found a stormy altar of Qazlal.
  1043 | D:2      | Found a runed door.
  1252 | D:2      | Found an iron altar of Okawaru.
  1324 | D:2      | Noticed Jessica
  1328 | D:2      | Killed Jessica
  1328 | D:2      | Reached skill level 3 in Fighting
  1328 | D:2      | Reached skill level 4 in Unarmed Combat
  1328 | D:2      | Reached XP level 4. HP: 35/45 MP: 3/3
  1574 | D:2      | Noticed Crazy Yiuf
  1580 | D:2      | Killed Crazy Yiuf
  1580 | D:2      | Reached skill level 3 in Dodging
  1851 | D:3      | Reached XP level 5. HP: 43/53 MP: 4/4
  1894 | D:3      | Found a sacrificial altar of Ru.
  2184 | D:3      | Found a white marble altar of Elyvilon.
  2599 | D:4      | Noticed Duvessa
  2604 | D:4      | Killed Duvessa
  2604 | D:4      | Reached skill level 5 in Unarmed Combat
  2604 | D:4      | Reached XP level 6. HP: 62/62 MP: 5/5
  2605 | D:4      | Noticed Dowan
  2619 | D:4      | Killed Dowan
  2648 | D:4      | Reached skill level 4 in Fighting
  2648 | D:4      | Reached skill level 4 in Dodging
  2795 | D:4      | Found a staircase to the Ecumenical Temple.
  2831 | D:4      | Reached XP level 7. HP: 69/70 MP: 6/6
  2990 | D:5      | Entered Level 5 of the Dungeon
  3010 | D:5      | Reached skill level 6 in Unarmed Combat
  3168 | D:5      | Found a blossoming altar of Fedhas.
  3329 | D:5      | Noticed Grinder
  3334 | D:5      | Killed Grinder
  3334 | D:5      | Reached skill level 7 in Unarmed Combat
  3334 | D:5      | Reached XP level 8. HP: 73/79 MP: 7/7
  4212 | D:6      | Reached skill level 5 in Fighting
  4212 | D:6      | Reached skill level 5 in Dodging
  4287 | D:6      | Found Polug's Antique Weapon Shop.
  4447 | D:6      | Noticed Prince Ribbit
  4522 | D:6      | Reached skill level 8 in Unarmed Combat
  4577 | D:6      | Found a deep blue altar of Sif Muna.
  5096 | D:7      | Noticed a hippogriff
  5097 | D:7      | Reached XP level 9. HP: 77/88 MP: 8/8
  5105 | D:7      | HP: 22/88 [ogre/giant club (22)]
  5264 | D:7      | Reached skill level 9 in Unarmed Combat
  5330 | D:7      | You fall through a shaft!
  5683 | D:7      | Reached skill level 6 in Fighting
  5695 | D:7      | Reached skill level 6 in Dodging
  5821 | D:8      | Noticed a troll
  5831 | D:8      | HP: 20/89 [troll (3)]
  5832 | D:8      | Killed a troll
  5977 | D:8      | Found Destriav's Gadget Boutique.
  6080 | D:8      | Reached skill level 10 in Unarmed Combat
  6103 | D:8      | Found Fontyuh's Jewellery Boutique.
  6362 | D:8      | Found Hucaluh's Magic Scroll Boutique.
  6371 | D:8      | Bought a scroll of remove curse for 45 gold pieces
  6371 | D:8      | Bought a scroll of identify for 30 gold pieces
  6376 | D:8      | Found a bloodstained altar of Trog.
  6474 | D:8      | Reached XP level 10. HP: 95/100 MP: 9/9
  6742 | D:9      | HP: 23/100 [yak (12)]
  6749 | D:9      | Reached skill level 11 in Unarmed Combat
  6898 | D:9      | Noticed a two-headed ogre
  6910 | D:9      | Killed a two-headed ogre
  6910 | D:9      | Reached skill level 7 in Fighting
  6910 | D:9      | Reached skill level 7 in Dodging
  7460 | D:9      | Found a staircase to the Lair.
  7633 | Lair:1   | Entered Level 1 of the Lair of Beasts
  7708 | Lair:1   | Noticed an oklob plant
  7930 | Lair:1   | Noticed a spiny frog
  7935 | Lair:1   | Killed a spiny frog
  8053 | Lair:1   | Noticed Harold
  8079 | Lair:1   | Killed Harold
  8079 | Lair:1   | Reached skill level 12 in Unarmed Combat
  8291 | Lair:2   | Reached XP level 11. HP: 65/109 MP: 10/10
  8299 | Lair:2   | HP: 27/110 [blink frog (14)]
  8304 | Lair:2   | HP: 23/110 [blink frog (3)]
  8541 | Lair:2   | HP: 24/111 [wolf (4)]
  8548 | Lair:2   | HP: 16/111 [wolf (4)]
  8551 | Lair:2   | HP: 7/111 [wolf (2)]
  8554 | Lair:2   | Slain by a wolf

Vault maps used:
D:1:      co_arrival_random_square_maze, kennysheep_decorative_pillar,
          serial_bayou_pond_a
D:2:      okawaru_altar_gauntlet_db, lemuel_crystal_altar, vehumet_crystals,
          uniq_jessica, uniq_crazy_yiuf_cottage
D:3:      cheibrodos_greedy_goblins, marbit_many_paths,
          overflow_temple_1_default, first_bread
D:4:      minmay_temple_entry_overgrown, uniq_duvessa
D:5:      hangedman_decor_growths, fedhas_altar_3, uniq_grinder
D:6:      kennysheep_orc_sif_temple, serial_shops, shop, uniq_prince_ribbit1
D:8:      minmay_opposing_rooms, kennysheep_mini, serial_shops, shop,
          nicolae_shop_behind_doors, nicolae_shop_trees
D:9:      lair_entry_dummy, serial_glass, glass_columns_a, glass_columns_a
Lair:1:   minmay_lair_oklob_bushes, st_stairs_11, minivault_27,
          infiniplex_staircase_pool, uniq_harold
Lair:2:   grunt_megastairs_2
Lair:3:   minmay_shoals_entry_hut, grunt_megastairs_4

Skill      XL: |  1  2  3  4  5  6  7  8  9 10 |
---------------+-------------------------------+-----
Fighting       | 3 4 5 6 7 |  7.8
Unarmed Combat | 4 5 7 8 10 12 | 12.4
Dodging        | 3 4 5 6 7 |  7.9
Stealth        | |  1.0

Action                   |  1- 3 |  4- 6 |  7- 9 | 10-12 || total
-------------------------+-------+-------+-------+-------++-------
Melee: Unarmed           |    55 |   152 |   328 |   178 ||   713
       Punch             |       |     3 |    11 |    16 ||    30
  Use: Potion            |       |       |       |     1 ||     1
 Stab: Sleeping          |     3 |     3 |     2 |       ||     8
       Distracted        |       |     1 |     2 |       ||     3
  Eat: Chunk             |     7 |    17 |    36 |    18 ||    78
       Bread ration      |     1 |       |       |       ||     1
Armor: Robe              |    24 |    48 |    71 |    41 ||   184
Dodge: Dodged            |    28 |    77 |   157 |   121 ||   383

Vault maps used:
D:1:      co_arrival_random_square_maze, kennysheep_decorative_pillar,
          serial_bayou_pond_a
D:2:      okawaru_altar_gauntlet_db, lemuel_crystal_altar, vehumet_crystals,
          uniq_jessica, uniq_crazy_yiuf_cottage
D:3:      cheibrodos_greedy_goblins, marbit_many_paths,
          overflow_temple_1_default, first_bread
D:4:      minmay_temple_entry_overgrown, uniq_duvessa
D:5:      hangedman_decor_growths, fedhas_altar_3, uniq_grinder
D:6:      kennysheep_orc_sif_temple, serial_shops, shop, uniq_prince_ribbit1
D:8:      minmay_opposing_rooms, kennysheep_mini, serial_shops, shop,
          nicolae_shop_behind_doors, nicolae_shop_trees
D:9:      lair_entry_dummy, serial_glass, glass_columns_a, glass_columns_a
Lair:1:   minmay_lair_oklob_bushes, st_stairs_11, minivault_27,
          infiniplex_staircase_pool, uniq_harold
Lair:2:   grunt_megastairs_2
Lair:3:   minmay_shoals_entry_hut, grunt_megastairs_4

Table legend:
 A = Turns spent in this place as a percentage of turns spent in the entire game.
 B = Non-inter-level travel turns spent in this place as a percentage of non-inter-level travel turns spent in the entire game.
 C = Inter-level travel turns spent in this place as a percentage of turns spent in this place.
 D = Turns resting spent in this place as a percentage of non-inter-level travel turns spent in this place.
 E = Turns spent auto-exploring this place as a percentage of non-inter-level travel turns spent in this place.
 F = Non-inter-level travel turns spent in this place divided by the number of levels of this place that you've seen.
                   A       B       C       D       E      F
               +-------+-------+-------+-------+-------+----------------------
         Total | 100.0 | 100.0 |   0.5 |   2.2 |   7.3 | 283.8
       Dungeon |  86.9 |  86.9 |   0.6 |   2.2 |   8.2 | 328.8
          Lair |  13.1 |  13.1 |   0.0 |   2.2 |   1.1 | 149.0
               +-------+-------+-------+-------+-------+----------------------

Table legend:
 A = Kills in this place as a percentage of kills in entire the game.
 B = Kills by you in this place as a percentage of kills by you in the entire game.
 C = Kills by friends in this place as a percentage of kills by friends in the entire game.
 D = Other kills in this place as a percentage of other kills in the entire game.
 E = Experience gained in this place as a percentage of experience gained in the entire game.
 F = Experience gained in this place divided by the number of levels of this place that you have seen.
                   A       B       C       D       E      F
               +-------+-------+-------+-------+-------+----------------------
         Total | 100.0 | 100.0 |  -nan |  -nan | 100.0 | 1071.4
       Dungeon |  94.0 |  94.0 |  -nan |  -nan |  69.6 | 994.1
          Lair |   6.0 |   6.0 |  -nan |  -nan |  30.4 | 1303.3
               +-------+-------+-------+-------+-------+----------------------
